[Event "7th Leer Open-B 2024"]
[Site "Leer"]
[Date "2024.10.31"]
[Round "1.10"]
[White "Heeren, Ragnar"]
[Black "Margaryan, Venera"]
[Result "0-1"]
[ECO "D10"]
[WhiteElo "1503"]
[BlackElo "1712"]
[Annotator "NA RC"]
[PlyCount "78"]
[EventDate "2024.10.14"]
[EventType "swiss"]
[EventCountry "GER"]
[SourceTitle "playchess.com"]
[Source "ChessBase"]
[SourceQuality "1"]
[TimeControl "40/5400+30:900+30"]

1. d4 d5 2. c4 e6 3. e3 c6 4. cxd5 exd5 5. Nf3 Bg4 6. Qd3 Bd6 7. h3 Bh5 8. Be2 Nf6 9. Ne5 Bxe2 10. Qxe2 Qc7 11. f4 Ne4 12. Qg4 O-O 13. Nc3 Bb4 14. Bd2 Nxd2 15. Kxd2 Qe7 16. a3 Bd6 17. Rhf1 Re8 18. Rae1 f6 19. Nd3 Nd7 20. Rf3 Nb6 21. b4 Nc4+ 22. Kc2 Nxa3+ 23. Kb3 Nc4 24. Nd1 Nd2+ 25. Kc3 Nxf3 26. Qxf3 Qe4 27. Qg4 Re7 28. Rf1 Qe6 29. Nc5 Qxg4 30. hxg4 a5 31. bxa5 Bxc5 32. dxc5 $17 Rxa5 33. Kb4 Ra2 34. Rf2 Rxf2 35. Nxf2 Rxe3 36. Ka5 Re2 37. Nd3 Re3 38. Nc1 Rc3 39. Ne2 Rxc5+ 0-1

[Event "7th Leer Open-B 2024"]
[Site "Leer"]
[Date "2024.10.31"]
[Round "1.11"]
[White "Uhlenbrock, Sven"]
[Black "Margaryan, Mari"]
[Result "1-0"]
[ECO "D00"]
[WhiteElo "1781"]
[BlackElo "1620"]
[Annotator "NA RC"]
[PlyCount "85"]
[EventDate "2024.10.14"]
[EventType "swiss"]
[EventCountry "GER"]
[SourceTitle "playchess.com"]
[Source "ChessBase"]
[SourceQuality "1"]
[TimeControl "40/5400+30:900+30"]

1. d4 d5 2. Bf4 Nf6 3. e3 Bf5 4. c4 e6 5. Nc3 c5 6. Qa4+ Qd7 7. Qxd7+ Nbxd7 8. Nb5 Kd8 9. Bc7+ Kc8 10. Bd6 Ne8 11. Bxf8 Rxf8 12. cxd5 exd5 13. dxc5 Nxc5 14. Rc1 b6 15. b4 a6 16. Nd4 Bd7 17. bxc5 bxc5 18. Rxc5+ Nc7 19. Ngf3 Kd8 20. Bd3 g6 21. O-O Rb8 22. Rfc1 Rb7 23. Ne5 Bc8 24. Bxa6 Ra7 25. Ndc6+ Ke8 26. Nxa7 Bxa6 27. Rxc7 f6 28. Rc8+ Bxc8 29. Rxc8+ Ke7 30. Nac6+ Kd6 31. Rxf8 fxe5 32. Rd8+ Kxc6 33. Kf1 Kc5 34. Ke2 d4 35. exd4+ exd4 36. Kd3 Kb4 37. Rxd4+ Ka3 38. Kc2 h5 39. h4 g5 40. hxg5 h4 41. g6 h3 42. gxh3 Kxa2 43. Ra4# 1-0

[Event "7th Leer Open-B 2024"]
[Site "Leer"]
[Date "2024.10.31"]
[Round "1.11"]
[White "Ulrich, Helena Irene"]
[Black "Mallek, Peter"]
[Result "1-0"]
[ECO "C50"]
[WhiteElo "1712"]
[BlackElo "1491"]
[Annotator "NA RC"]
[PlyCount "61"]
[EventDate "2024.10.14"]
[EventType "swiss"]
[EventCountry "GER"]
[SourceTitle "playchess.com"]
[Source "ChessBase"]
[SourceQuality "1"]
[TimeControl "40/5400+30:900+30"]

1. e4 e5 2. Nf3 Nc6 3. d4 exd4 4. Nxd4 d6 5. Nc3 Nf6 6. Bc4 Bd7 7. Be3 Be7 8. f3 O-O 9. Qd2 Nxd4 10. Bxd4 c5 11. Bxf6 Bxf6 12. Qxd6 Bxc3+ 13. bxc3 Rc8 14. O-O Rc6 15. Qd3 Be6 16. Bxe6 Rxe6 17. Rfd1 Qf6 18. Rab1 Rb6 19. Rxb6 Qxb6 20. c4 a5 $17 21. Qb3 Qc7 22. Qb5 b6 23. Qd7 Qb8 24. Qd6 h6 25. e5 Qa7 26. e6 fxe6 27. Qxe6+ Rf7 28. Rd8+ Kh7 29. Qe4+ g6 30. Qe8 Kg7 31. Qh8# 1-0

[Event "7th Leer Open-B 2024"]
[Site "Leer"]
[Date "2024.10.31"]
[Round "1.11"]
[White "Heeren, Ragnar"]
[Black "Margaryan, Venera"]
[Result "*"]
[ECO "C50"]
[WhiteElo "1503"]
[BlackElo "1712"]
[Annotator "NA RC"]
[PlyCount "24"]
[EventDate "2024.10.14"]
[EventType "swiss"]
[EventCountry "GER"]
[SourceTitle "playchess.com"]
[Source "ChessBase"]
[SourceQuality "1"]
[TimeControl "40/5400+30:900+30"]

1. e4 e5 2. Nf3 Nc6 3. d4 exd4 4. Nxd4 d6 5. Nc3 Nf6 6. Bc4 Bd7 7. Be3 Be7 8. f3 O-O 9. Qd2 Nxd4 10. Bxd4 c5 11. Bxf6 Bxf6 12. Qxd6 Bxc3+ *

[Event "7th Leer Open-B 2024"]
[Site "Leer"]
[Date "2024.10.31"]
[Round "1.12"]
[White "Ulrich, Helena Irene"]
[Black "Mallek, Peter"]
[Result "*"]
[ECO "D00"]
[WhiteElo "1712"]
[BlackElo "1491"]
[Annotator "NA RC"]
[PlyCount "36"]
[EventDate "2024.10.14"]
[EventType "swiss"]
[EventCountry "GER"]
[SourceTitle "playchess.com"]
[Source "ChessBase"]
[SourceQuality "1"]
[TimeControl "40/5400+30:900+30"]

1. d4 d5 2. Nc3 Nf6 3. Bf4 c6 4. e3 Bf5 5. f3 h6 6. g4 Bh7 7. h4 Nbd7 8. Bd3 Bxd3 9. Qxd3 e6 10. Nge2 Nb6 11. O-O-O Bd6 12. g5 Nh5 13. g6 f6 14. Rhg1 Qc7 15. Bxd6 Qxd6 16. e4 Nc4 17. Na4 b5 18. Nc5 a5 *

[Event "7th Leer Open-B 2024"]
[Site "Leer"]
[Date "2024.10.31"]
[Round "1.12"]
[White "Heutling, Thomas"]
[Black "Sviridov, Vitaliy"]
[Result "0-1"]
[ECO "D06"]
[WhiteElo "1618"]
[BlackElo "1772"]
[Annotator "NA RC"]
[PlyCount "94"]
[EventDate "2024.10.14"]
[EventType "swiss"]
[EventCountry "GER"]
[SourceTitle "playchess.com"]
[Source "ChessBase"]
[SourceQuality "1"]
[TimeControl "40/5400+30:900+30"]

1. c4 Nf6 2. Nc3 d5 3. cxd5 Nxd5 4. d4 Bf5 5. Nf3 Nxc3 6. bxc3 e6 7. e3 Bd6 8. Bc4 O-O 9. O-O Nd7 10. Re1 Be4 11. Bd3 Nf6 12. Bxe4 Nxe4 13. Qd3 f5 14. Bb2 Rf7 15. c4 c6 16. a3 Rd7 17. Rad1 Bc7 18. Bc1 Qf6 19. Nd2 Bxh2+ 20. Kxh2 Qh4+ 21. Kg1 Qxf2+ 22. Kh2 Qg3+ 23. Kg1 Nf2 24. Qf1 Nxd1 25. Rxd1 Qxe3+ 26. Kh1 Qxd4 27. Qe2 Rad8 28. Qxe6+ Kh8 29. Qxf5 Rd6 30. g4 Rf6 31. Qg5 Rh6+ 32. Kg2 Rg6 33. Qxg6 hxg6 34. Rh1+ Kg8 35. Kg3 Qe3+ 36. Nf3 Qb3 37. c5 Rd3 38. Rf1 Qc3 39. Kg2 Rxf3 40. Rxf3 Qc2+ 41. Kg3 Qxc1 42. Rd3 Qxc5 43. Kf4 g5+ 44. Kf3 b5 45. Rd8+ Kf7 46. Rd7+ Ke6 47. Rxa7 Qxa7 0-1

[Event "7th Leer Open-B 2024"]
[Site "Leer"]
[Date "2024.10.31"]
[Round "1.12"]
[White "Wilting, Oskar"]
[Black "Fize, Aleksandrs"]
[Result "0-1"]
[ECO "D00"]
[WhiteElo "1490"]
[BlackElo "1711"]
[Annotator "NA RC"]
[PlyCount "88"]
[EventDate "2024.10.14"]
[EventType "swiss"]
[EventCountry "GER"]
[SourceTitle "playchess.com"]
[Source "ChessBase"]
[SourceQuality "1"]
[TimeControl "40/5400+30:900+30"]

1. d4 d5 2. Nc3 Nf6 3. Bf4 c6 4. e3 Bf5 5. f3 h6 6. g4 Bh7 7. h4 Nbd7 8. Bd3 Bxd3 9. Qxd3 e6 10. Nge2 Nb6 11. O-O-O Bd6 12. g5 Nh5 13. g6 f6 14. Rhg1 Qc7 15. Bxd6 Qxd6 16. e4 Nc4 17. Na4 b5 18. Nc5 a5 19. Rdf1 Nf4 20. Qd1 Ne3 21. Qd2 Nxe2+ 22. Qxe2 Nxf1 23. Rxf1 O-O-O 24. f4 Rhe8 25. e5 Qf8 26. a4 Kc7 27. axb5 Ra8 28. f5 exf5 29. e6 Qd6 30. Rxf5 a4 31. Qd3 Ra5 32. Qa3 cxb5 33. Rf3 Qb6 34. Qb4 Ra7 35. Rc3 Kd8 36. Re3 Ree7 37. Re1 Qa5 38. Nb7+ Rexb7 39. Qf8+ Kc7 40. Qe7+ Kc8 41. Qf8+ Qd8 42. Qc5+ Kb8 43. e7 Rxe7 44. Qxb5+ Rab7 0-1

[Event "7th Leer Open-B 2024"]
[Site "Leer"]
[Date "2024.10.31"]
[Round "1.13"]
[White "Beeck, Sebastian"]
[Black "Tanukusuma, Kyllian Gotthold"]
[Result "1-0"]
[ECO "B13"]
[WhiteElo "1768"]
[BlackElo "1618"]
[Annotator "NA RC"]
[PlyCount "51"]
[EventDate "2024.10.14"]
[EventType "swiss"]
[EventCountry "GER"]
[SourceTitle "playchess.com"]
[Source "ChessBase"]
[SourceQuality "1"]
[TimeControl "40/5400+30:900+30"]

1. e4 c6 2. d4 d5 3. exd5 cxd5 4. Bd3 Nc6 5. c3 Nf6 6. Bf4 Bg4 7. Qb3 Qd7 8. Nd2 e6 9. Ngf3 Na5 10. Qc2 Bd6 11. Ne5 Bxe5 12. Bxe5 h6 13. Bxf6 gxf6 14. h3 Bf5 15. Bxf5 exf5 16. O-O Rg8 17. Rfe1+ Kf8 18. Nf3 Kg7 19. Nh4 f4 20. Nf5+ Kh8 21. Re7 Qc8 22. Rxf7 Qb8 23. Ne7 Rg7 24. Rxg7 Kxg7 25. Qg6+ Kf8 26. Re1 1-0

[Event "7th Leer Open-B 2024"]
[Site "Leer"]
[Date "2024.10.31"]
[Round "1.13"]
[White "Wilting, Oskar"]
[Black "Fize, Aleksandrs"]
[Result "*"]
[ECO "D94"]
[WhiteElo "1490"]
[BlackElo "1711"]
[Annotator "NA RC"]
[PlyCount "29"]
[EventDate "2024.10.14"]
[EventType "swiss"]
[EventCountry "GER"]
[SourceTitle "playchess.com"]
[Source "ChessBase"]
[SourceQuality "1"]
[TimeControl "40/5400+30:900+30"]

1. d4 Nf6 2. e3 g6 3. Nf3 Bg7 4. Be2 b6 5. c4 Bb7 6. Nc3 O-O 7. O-O d5 8. b3 Nbd7 9. Bb2 Rc8 10. cxd5 Nxd5 11. Nxd5 Bxd5 12. Rc1 c5 13. Qd2 Nf6 14. Qd3 Be4 15. Qd1 *

[Event "7th Leer Open-B 2024"]
[Site "Leer"]
[Date "2024.10.31"]
[Round "1.14"]
[White "Schacht, Malte"]
[Black "Wilmink, Luca"]
[Result "0-1"]
[ECO "A45"]
[WhiteElo "1617"]
[BlackElo "1712"]
[Annotator "NA RC"]
[PlyCount "72"]
[EventDate "2024.10.14"]
[EventType "swiss"]
[EventCountry "GER"]
[SourceTitle "playchess.com"]
[Source "ChessBase"]
[SourceQuality "1"]
[TimeControl "40/5400+30:900+30"]

1. d4 Nf6 2. Bg5 g6 3. Bxf6 exf6 4. e4 Bg7 5. Nf3 d6 6. Nc3 O-O 7. Bc4 f5 8. O-O fxe4 9. Ne1 Nc6 10. d5 Ne5 11. Be2 f5 12. Qd2 c5 13. dxc6 bxc6 14. f4 Nf7 15. Na4 d5 16. Qb4 Qc7 17. c3 Re8 18. Nc2 Rb8 19. Qc5 Nd8 20. Rad1 Ne6 21. Qf2 Qa5 22. b3 Bxc3 23. Nxc3 Qxc3 24. Nd4 e3 25. Qe1 Qxe1 26. Rfxe1 Nxd4 27. Rxd4 Bb7 28. b4 Re4 29. Rxe4 fxe4 30. Bd1 d4 31. Bb3+ Kg7 32. Bc4 Rd8 33. g4 Rf8 34. Rf1 d3 35. Be6 e2 36. f5 d2 0-1

[Event "7th Leer Open-B 2024"]
[Site "Leer"]
[Date "2024.10.31"]
[Round "1.14"]
[White "Limper, Cornelia"]
[Black "Ebeling, Hans-Juergen"]
[Result "1/2-1/2"]
[ECO "A30"]
[WhiteElo "1483"]
[BlackElo "1710"]
[Annotator "NA RC"]
[PlyCount "32"]
[EventDate "2024.10.14"]
[EventType "swiss"]
[EventCountry "GER"]
[SourceTitle "playchess.com"]
[Source "ChessBase"]
[SourceQuality "1"]
[TimeControl "40/5400+30:900+30"]

1. Nf3 Nf6 2. c4 c5 3. g3 g6 4. Bg2 Bg7 5. a3 a6 6. O-O O-O 7. d4 d5 8. b3 e6 9. Nc3 b6 10. Re1 Bb7 11. Ne5 Nbd7 12. Bf4 Nh5 13. Nxd7 Qxd7 14. e3 Nxf4 15. gxf4 dxc4 16. Bxb7 Qxb7 1/2-1/2

[Event "7th Leer Open-B 2024"]
[Site "Leer"]
[Date "2024.10.31"]
[Round "1.15"]
[White "Ristedt, Mathis"]
[Black "Suberski, Lukas"]
[Result "1-0"]
[ECO "D00"]
[WhiteElo "1761"]
[BlackElo "1611"]
[Annotator "NA RC"]
[PlyCount "69"]
[EventDate "2024.10.14"]
[EventType "swiss"]
[EventCountry "GER"]
[SourceTitle "playchess.com"]
[Source "ChessBase"]
[SourceQuality "1"]
[TimeControl "40/5400+30:900+30"]

1. d4 Nf6 2. Bg5 d5 3. Bxf6 exf6 4. e3 Bd6 5. g3 Nd7 6. Bg2 c6 7. Ne2 f5 8. Nd2 O-O 9. O-O Nf6 10. c4 Be6 11. a3 Ne4 12. cxd5 cxd5 13. Nf3 Rc8 14. Nc1 Qc7 15. Nd3 Qc2 16. Rc1 Qxd1 17. Rfxd1 f6 18. Nfe1 Bc7 19. Nc5 Nxc5 20. Rxc5 Rfd8 21. Rdc1 Bb6 22. Bxd5 Rxd5 23. Rxc8+ Bxc8 24. Rxc8+ Bd8 25. Nd3 Kf8 26. Nc5 Ke7 27. Nxb7 Rd7 28. Nxd8 Rxd8 29. Rxd8 Kxd8 30. Kf1 Kd7 31. Ke2 Kd6 32. Kd3 Kd5 33. f3 g5 34. e4+ Ke6 35. g4 1-0

[Event "7th Leer Open-B 2024"]
[Site "Leer"]
[Date "2024.10.31"]
[Round "1.15"]
[White "von Haefen, Dieter"]
[Black "Noennig, Nina"]
[Result "1-0"]
[ECO "C41"]
[WhiteElo "1709"]
[BlackElo "1452"]
[Annotator "NA RC"]
[PlyCount "109"]
[EventDate "2024.10.14"]
[EventType "swiss"]
[EventCountry "GER"]
[SourceTitle "playchess.com"]
[Source "ChessBase"]
[SourceQuality "1"]
[TimeControl "40/5400+30:900+30"]

1. Nf3 d6 2. d4 Nc6 3. e4 e5 4. dxe5 dxe5 5. Qxd8+ Kxd8 6. Bc4 Be6 7. Bxe6 fxe6 8. O-O Kc8 9. Ng5 Nf6 10. Nc3 Nd4 11. Bd2 h6 12. Nf7 Rg8 13. Nxe5 Nxc2 14. Rac1 Nd4 15. Be3 Bc5 16. Rfd1 Rd8 17. Rd3 Nxe4 18. Bxd4 Rxd4 19. Nb5 Rxd3 20. Nxd3 b6 21. b4 Bd6 22. f3 a6 23. Nd4 e5 24. Nf5 g6 25. Nxh6 Nf6 26. Nf7 Kb7 27. Nfxe5 a5 28. b5 Bxe5 29. Nxe5 g5 30. Nc6 Re8 31. a4 Nd7 32. Rc4 Nc5 33. Kf2 Nd3+ 34. Kg3 Re2 35. Nd4 Ra2 36. Ne6 Nc5 37. Nxc5+ bxc5 38. h4 gxh4+ 39. Kxh4 Kb6 40. g4 c6 41. bxc6 Kxc6 42. g5 Rh2+ 43. Kg3 Rh7 44. f4 Kd5 45. Rc1 c4 46. g6 Rg7 47. f5 Ke5 48. Kg4 Kf6 49. Rxc4 Rg8 50. Rc6+ Kg7 51. Kg5 Re8 52. Rc7+ Kg8 53. f6 Re5+ 54. Kh6 Re6 55. Rc8+ 1-0

[Event "7th Leer Open-B 2024"]
[Site "Leer"]
[Date "2024.10.31"]
[Round "1.15"]
[White "Limper, Cornelia"]
[Black "Ebeling, Hans-Juergen"]
[Result "*"]
[ECO "C41"]
[WhiteElo "1483"]
[BlackElo "1710"]
[Annotator "NA RC"]
[PlyCount "29"]
[EventDate "2024.10.14"]
[EventType "swiss"]
[EventCountry "GER"]
[SourceTitle "playchess.com"]
[Source "ChessBase"]
[SourceQuality "1"]
[TimeControl "40/5400+30:900+30"]

1. Nf3 d6 2. d4 Nc6 3. e4 e5 4. dxe5 dxe5 5. Qxd8+ Kxd8 6. Bc4 Be6 7. Bxe6 fxe6 8. O-O Kc8 9. Ng5 Nf6 10. Nc3 Nd4 11. Bd2 h6 12. Nf7 Rg8 13. Nxe5 Nxc2 14. Rac1 Nd4 15. Be3 *

[Event "7th Leer Open-B 2024"]
[Site "Leer"]
[Date "2024.10.31"]
[Round "1.16"]
[White "von Haefen, Dieter"]
[Black "Noennig, Nina"]
[Result "*"]
[ECO "B12"]
[WhiteElo "1709"]
[BlackElo "1452"]
[Annotator "NA RC"]
[PlyCount "23"]
[EventDate "2024.10.14"]
[EventType "swiss"]
[EventCountry "GER"]
[SourceTitle "playchess.com"]
[Source "ChessBase"]
[SourceQuality "1"]
[TimeControl "40/5400+30:900+30"]

1. e4 c6 2. d4 d5 3. f3 dxe4 4. fxe4 Nf6 5. Nc3 Bg4 6. Nf3 e6 7. a3 c5 8. e5 Nd5 9. Nxd5 Qxd5 10. Be3 Nc6 11. dxc5 Bxf3 12. Qxf3 *

[Event "7th Leer Open-B 2024"]
[Site "Leer"]
[Date "2024.10.31"]
[Round "1.16"]
[White "Grooss, Jochen"]
[Black "Ahrens, Gunnar"]
[Result "1/2-1/2"]
[ECO "A41"]
[WhiteElo "1609"]
[BlackElo "1760"]
[Annotator "NA RC"]
[PlyCount "57"]
[EventDate "2024.10.14"]
[EventType "swiss"]
[EventCountry "GER"]
[SourceTitle "playchess.com"]
[Source "ChessBase"]
[SourceQuality "1"]
[TimeControl "40/5400+30:900+30"]

1. d4 Nc6 2. Bf4 d6 3. Nf3 Bg4 4. e3 e5 5. dxe5 dxe5 6. Qxd8+ Rxd8 7. Bg5 f6 8. Bh4 a6 9. a3 Nge7 10. Bd3 Nf5 11. Bg3 Nxg3 12. hxg3 f5 13. e4 Bxf3 14. gxf3 f4 15. Nd2 g5 16. O-O-O Bc5 17. Rh2 Rd7 18. Bc4 fxg3 19. fxg3 Be3 20. Be6 Rxd2 21. Rdxd2 Nd4 22. Bg4 Ke7 23. Kd1 Bxd2 24. Kxd2 h6 25. Ke3 Nb5 26. a4 Nd6 27. b3 a5 28. Rd2 c6 29. Bh3 1/2-1/2

[Event "7th Leer Open-B 2024"]
[Site "Leer"]
[Date "2024.10.31"]
[Round "1.16"]
[White "An, David"]
[Black "Ulrich, Thomas M"]
[Result "0-1"]
[ECO "B12"]
[WhiteElo "1431"]
[BlackElo "2278"]
[Annotator "RC"]
[PlyCount "90"]
[EventDate "2024.10.14"]
[EventType "swiss"]
[EventCountry "GER"]
[SourceTitle "playchess.com"]
[Source "ChessBase"]
[SourceQuality "1"]
[TimeControl "40/5400+30:900+30"]

1. e4 c6 2. d4 d5 3. f3 dxe4 4. fxe4 Nf6 5. Nc3 Bg4 6. Nf3 e6 7. a3 c5 8. e5 Nd5 9. Nxd5 Qxd5 10. Be3 Nc6 11. dxc5 Bxf3 12. Qxf3 Qxe5 13. Bb5 Rc8 14. O-O f6 15. b4 Be7 16. Bd3 O-O 17. Qh3 f5 18. Bf4 Qd4+ 19. Be3 Qf6 20. g4 Qg6 21. Qg3 Bf6 22. Rae1 Ne5 23. gxf5 Qxg3+ 24. hxg3 Nxd3 25. cxd3 exf5 26. Rxf5 Bb2 27. Rxf8+ Rxf8 28. a4 Rd8 29. Rd1 Bd4 30. Kf2 Rf8+ 31. Ke2 Re8 32. Re1 Rxe3+ 33. Kd2 Rxe1 34. Kxe1 Bc3+ 35. Ke2 Bxb4 36. d4 Kf7 37. Ke3 Ke6 38. Ke4 Ba5 39. d5+ Kd7 40. Ke5 Bc7+ 41. d6 Ba5 42. Kd5 Bd8 43. g4 g6 44. a5 Bxa5 45. Ke5 Bb4 0-1

[Event "7th Leer Open-B 2024"]
[Site "Leer"]
[Date "2024.10.31"]
[Round "1.17"]
[White "Hutwalker, Michael"]
[Black "Freese, Hermann"]
[Result "1-0"]
[ECO "A43"]
[WhiteElo "1760"]
[BlackElo "1577"]
[Annotator "NA RC"]
[PlyCount "84"]
[EventDate "2024.10.14"]
[EventType "swiss"]
[EventCountry "GER"]
[SourceTitle "playchess.com"]
[Source "ChessBase"]
[SourceQuality "1"]
[TimeControl "40/5400+30:900+30"]

1. e4 e6 2. d4 c5 3. d5 d6 4. c4 Ne7 5. Nc3 g6 6. Bg5 Nd7 7. f4 Bg7 8. Qd2 e5 9. Nf3 a6 10. fxe5 Nxe5 11. Nxe5 Bxe5 12. Be2 f6 13. Bh6 Bd4 14. Rf1 Qd7 15. Bg7 Rg8 16. Bxf6 Rf8 17. Bxd4 Rxf1+ 18. Kxf1 cxd4 19. Qxd4 Ng8 20. Kg1 Qe7 21. Rf1 Bd7 22. Qb6 Bc8 23. Qd4 Bd7 24. b4 Qe5 25. Qxe5+ dxe5 26. c5 Ne7 27. a4 Rc8 28. Rf6 a5 29. Rb6 axb4 30. Rxb4 Rxc5 31. Nb5 Rc1+ 32. Kf2 Nc8 33. Kg3 Rc2 34. Kf2 Bxb5 35. Rxb5 Nd6 36. Rb4 Kd7 37. Ke3 Kc7 38. Kd3 Ra2 39. Bf3 b6 40. Kc3 Kb7 41. Kb3 Ra1 42. Kb2 Rd1 1-0

[Event "7th Leer Open-B 2024"]
[Site "Leer"]
[Date "2024.10.31"]
[Round "1.17"]
[White "An, David"]
[Black "Ulrich, Thomas M"]
[Result "*"]
[ECO "C54"]
[WhiteElo "1431"]
[BlackElo "2278"]
[Annotator "RC"]
[PlyCount "41"]
[EventDate "2024.10.14"]
[EventType "swiss"]
[EventCountry "GER"]
[SourceTitle "playchess.com"]
[Source "ChessBase"]
[SourceQuality "1"]
[TimeControl "40/5400+30:900+30"]

1. e4 e5 2. Nf3 Nc6 3. Bc4 Bc5 4. c3 Nf6 5. d4 exd4 6. cxd4 Bb4+ 7. Bd2 Nxe4 8. Bxb4 Nxb4 9. Bxf7+ Kxf7 10. Qb3+ d5 11. Ne5+ Kg8 12. Qxb4 Qd6 13. Qa4 Be6 14. O-O g6 15. Nc3 Nxc3 16. bxc3 Kg7 17. Rab1 b6 18. Rfe1 Rhf8 19. Re2 Qe7 20. Rbe1 Qf6 21. f3 *

[Event "7th Leer Open-B 2024"]
[Site "Leer"]
[Date "2024.10.31"]
[Round "1.18"]
[White "Klawun-Schulze, Stefanie"]
[Black "Kuhlins, Niklas"]
[Result "0-1"]
[ECO "B22"]
[WhiteElo "1561"]
[BlackElo "1758"]
[Annotator "NA RC"]
[PlyCount "46"]
[EventDate "2024.10.14"]
[EventType "swiss"]
[EventCountry "GER"]
[SourceTitle "playchess.com"]
[Source "ChessBase"]
[SourceQuality "1"]
[TimeControl "40/5400+30:900+30"]

1. e4 c5 2. c3 Nf6 3. e5 Nd5 4. c4 Nc7 5. Nf3 Nc6 6. Nc3 g6 7. d4 cxd4 8. Nxd4 Nxe5 9. Bf4 Bg7 10. Be2 O-O 11. O-O d6 12. h3 Ne6 13. Nxe6 Bxe6 14. Qd2 Nxc4 15. Bxc4 Bxc4 16. Rfd1 Qa5 17. Re1 e5 18. Bg3 Rad8 19. Bh4 Rd7 20. b3 Be6 21. Qe3 d5 22. Ne2 d4 23. Qc1 d3 0-1

[Event "7th Leer Open-B 2024"]
[Site "Leer"]
[Date "2024.10.31"]
[Round "1.19"]
[White "Jablonski, Ture"]
[Black "Kulgemeyer, Justus"]
[Result "1-0"]
[ECO "D15"]
[WhiteElo "1756"]
[BlackElo "1566"]
[Annotator "NA RC"]
[PlyCount "119"]
[EventDate "2024.10.14"]
[EventType "swiss"]
[EventCountry "GER"]
[SourceTitle "playchess.com"]
[Source "ChessBase"]
[SourceQuality "1"]
[TimeControl "40/5400+30:900+30"]

1. d4 d5 2. c4 c6 3. Nf3 Nf6 4. e3 Bf5 5. Qb3 b6 6. Nc3 e6 7. Bd2 Nbd7 8. Rc1 Be7 9. cxd5 exd5 10. Ba6 O-O 11. Ne2 c5 12. Nf4 c4 13. Qb5 Nb8 14. Ne5 Nxa6 15. Qxa6 Bc8 16. Qa4 a6 17. Nc6 Bd7 18. Nxe7+ Qxe7 19. Qb4 Qxb4 20. Bxb4 Rfe8 21. b3 b5 22. Ke2 a5 23. Bc5 Ne4 24. Nxd5 Nxc5 25. dxc5 Red8 26. Nb6 Rab8 27. Rhd1 Bc6 28. f3 Rxd1 29. Rxd1 c3 30. Rd6 Be8 31. b4 axb4 32. Rd4 f6 33. Rxb4 Bg6 34. e4 Rd8 35. Nd5 Bf7 36. Nxc3 Rc8 37. a4 bxa4 38. Nd5 Bxd5 39. exd5 Rxc5 40. Rd4 Kf8 41. d6 Ke8 42. Rxa4 Rd5 43. Ra8+ Kf7 44. Ra7+ Kg6 45. d7 h6 46. Ke3 Rd6 47. Kf4 Rd4+ 48. Kg3 Rd6 49. Kf4 Rd4+ 50. Ke3 Rd6 51. g4 f5 52. Ra6 Rxa6 53. d8=Q Rf6 54. h4 f4+ 55. Ke4 h5 56. Qe8+ Kh7 57. Qxh5+ Kg8 58. Qd5+ Kh7 59. g5 Rf8 60. h5 1-0

[Event "7th Leer Open-B 2024"]
[Site "Leer"]
[Date "2024.10.31"]
[Round "1.20"]
[White "Nafati, Meryem"]
[Black "Drozd, Maciej"]
[Result "0-1"]
[ECO "C01"]
[WhiteElo "1559"]
[BlackElo "1752"]
[Annotator "NA RC"]
[PlyCount "58"]
[EventDate "2024.10.14"]
[EventType "swiss"]
[EventCountry "GER"]
[SourceTitle "playchess.com"]
[Source "ChessBase"]
[SourceQuality "1"]
[TimeControl "40/5400+30:900+30"]

1. e4 e6 2. d4 d5 3. exd5 exd5 4. Nf3 Bd6 5. Be3 Nc6 6. Nbd2 Nge7 7. Bd3 Bg4 8. c3 Qd7 9. O-O O-O-O 10. Re1 h5 11. h3 Bf5 12. Nf1 f6 13. Bxf5 Nxf5 14. N3h2 g5 15. a4 g4 16. hxg4 hxg4 17. Nxg4 Qh7 18. f3 Ng3 19. Nh6 f5 20. Qb1 Nxf1 21. Kxf1 f4 22. Qf5+ Qxf5 23. Nxf5 fxe3 24. Nxd6+ Rxd6 25. Rxe3 Rh1+ 26. Kf2 Rxa1 27. b3 Ra3 28. b4 Ra2+ 29. Kg3 Rg6+ 0-1

[Event "7th Leer Open-B 2024"]
[Site "Leer"]
[Date "2024.10.31"]
[Round "1.32"]
[White "Meyer, Frank"]
[Black "Meyer, Tobias"]
[Result "0-1"]
[ECO "C42"]
[WhiteElo "2038"]
[BlackElo "1671"]
[Annotator "RC"]
[PlyCount "80"]
[EventDate "2024.10.14"]
[EventType "swiss"]
[EventCountry "GER"]
[SourceTitle "playchess.com"]
[Source "ChessBase"]
[SourceQuality "1"]
[TimeControl "40/5400+30:900+30"]

1. e4 e5 2. Nf3 Nf6 3. d3 Bc5 4. h3 d6 5. Nc3 O-O 6. Be2 c6 7. Nh2 Nbd7 8. Bg5 Qb6 9. O-O Qxb2 10. Na4 Qb4 11. c3 Qa5 12. Nxc5 Qxc5 13. Qb3 h6 14. Be3 Qa5 15. Ng4 Nxg4 16. Bxg4 Nc5 17. Bxc5 Qxc5 18. Bxc8 Rfxc8 19. Rab1 b5 20. Rfd1 a5 21. d4 exd4 22. Rxd4 a4 23. Qb4 Qxb4 24. Rdxb4 Kf8 25. c4 bxc4 26. Rxc4 c5 27. f3 Ke7 28. Rb5 Kd7 29. Rc2 Rcb8 30. Rxb8 Rxb8 31. Kf2 a3 32. Ke3 Rb2 33. Rd2 Kc6 34. Kd3 Rxd2+ 35. Kxd2 f6 36. Kc3 d5 37. exd5+ Kxd5 38. Kb3 Kd4 39. Kxa3 Kc3 40. Ka4 Kd3 0-1

[Event "7th Leer Open-B 2024"]
[Site "Leer"]
[Date "2024.10.31"]
[Round "2.2"]
[White "Ulrich, Helena Irene"]
[Black "Wernke-Schmiesing, Sebastian"]
[Result "1/2-1/2"]
[ECO "B13"]
[WhiteElo "1712"]
[BlackElo "1808"]
[Annotator "NA COMBH"]
[PlyCount "50"]
[EventDate "2024.10.14"]
[EventType "swiss"]
[EventCountry "GER"]
[SourceTitle "playchess.com"]
[Source "ChessBase"]
[SourceQuality "1"]
[TimeControl "40/5400+30:900+30"]

1. e4 c6 2. d4 d5 3. exd5 cxd5 4. Bd3 Nc6 5. c3 Qc7 6. Ne2 Bg4 7. O-O e6 8. Qe1 Bd6 9. f3 Bh5 10. Qh4 Bg6 11. Bxg6 fxg6 12. Bf4 Nge7 13. Qg3 Nf5 14. Bxd6 Qxd6 15. Qxd6 Nxd6 16. Nd2 Kd7 17. Nb3 b6 18. Nf4 Rhf8 19. Nd3 Nc4 20. Rfe1 Rae8 21. Re2 e5 22. dxe5 N6xe5 23. Nxe5+ Rxe5 24. Rxe5 Nxe5 25. Rd1 {[%emt 0:01:10] Check Result:0.39} Kd6 1/2-1/2

[Event "7th Leer Open-B 2024"]
[Site "Leer"]
[Date "2024.10.31"]
[Round "2.3"]
[White "Witte, Volker"]
[Black "von Haefen, Dieter"]
[Result "1/2-1/2"]
[ECO "D87"]
[WhiteElo "1803"]
[BlackElo "1709"]
[Annotator "NA COMBH"]
[PlyCount "49"]
[EventDate "2024.10.14"]
[EventType "swiss"]
[EventCountry "GER"]
[SourceTitle "playchess.com"]
[Source "ChessBase"]
[SourceQuality "1"]
[TimeControl "40/5400+30:900+30"]

1. d4 Nf6 2. c4 g6 3. Nc3 d5 4. cxd5 Nxd5 5. e4 Nxc3 6. bxc3 Bg7 7. Bc4 c5 8. Ne2 Nd7 9. O-O O-O 10. Be3 Qc7 11. Rc1 b6 12. Qd2 Rd8 13. Bd3 Bb7 14. f3 Rac8 15. Bf4 e5 16. Bh6 Bh8 17. d5 c4 18. Bb1 Qc5+ 19. Kh1 Qd6 20. h4 Qe7 21. Bg5 f6 22. Bh6 Bg7 23. g3 Bxh6 24. Qxh6 Qg7 {[%emt 0:00:08] Check Result:-0.69} 25. Qxg7+ 1/2-1/2